 Dungeon Crawl Stone Soup version 0.27-a0-1230-gfc7c993222 (webtiles) character file.

Game seed: 4944004649431289146

244 EiAlmux the Chiller (level 5, -1/38 HPs)
             Began as a Draconian Ice Elementalist on June 8, 2021.
             Was an Initiate of Vehumet.
             Killed by nerve-wracking pain
             ... invoked by Grinder
              (8 damage)
             ... on level 4 of the Dungeon.
             The game lasted 00:14:12 (3436 turns).

EiAlmux the Chiller (Draconian Ice Elementalist)    Turns: 3436, Time: 00:14:13

Health: -1/38      AC:  5    Str: 11    XL:     5   Next: 83%
Magic:  3/9        EV: 12    Int: 16    God:    Vehumet [......]
Gold:   93         SH:  0    Dex: 11    Spells: 3/10 levels left

rFire    . . .     SeeInvis .   b - +0 spear
rCold    . . .     Faith    .   (no shield)
rNeg     . . .     Spirit   .   (armour unavailable)
rPois    .         Reflect  .   (helmet restricted)
rElec    .         Harm     .   (no cloak)
rCorr    .         Rampage  .   (no gloves)
Will     .....                  (no boots)
Stlth    ++........             (no amulet)
HPRegen  0.12/turn              (no ring)
MPRegen  0.11/turn              (no ring)

@: no status effects
A: AC +5, unfitting armour, cold-blooded
a: Renounce Religion


You were on level 4 of the Dungeon.
You worshipped Vehumet.
Vehumet was noncommittal.
You visited 2 branches of the dungeon, and saw 5 of its levels.

You collected 93 gold pieces.

Inventory:

Hand Weapons
 b - a +0 spear (weapon)
Scrolls
 a - 2 scrolls of vulnerability {unknown}
 c - 3 scrolls of identify
 e - a scroll of teleportation
 g - a scroll of enchant weapon {unknown}
 k - 2 scrolls of fear {unknown}
Potions
 d - a potion of might
 f - 2 potions of cancellation {unknown}
 h - a potion of brilliance
 i - 2 potions of curing {unknown}
 j - a potion of degeneration {unknown}


   Skills:
 - Level 1.7 Dodging
 + Level 3.3 Stealth
 + Level 3.3 Spellcasting
 + Level 2.6 Conjurations
 + Level 4.9 Ice Magic


You had 3 spell levels left.
You knew the following spells:

 Your Spells              Type           Power      Damage    Failure   Level
a - Freeze                Ice            72%        1d9       2%          1
b - Frozen Ramparts       Ice            36%        1d5       7%          3
c - Ozocubu's Armour      Ice            18%        N/A       7%          3

Your spell library contained the following spells:

 Spells                   Type           Power      Damage    Failure   Level
 Animate Skeleton         Necr           4%         N/A       19%         1
 Apportation              Tloc           4%         N/A       19%         1
 Corona                   Hex            2%         N/A       19%         1
 Summon Small Mammal      Summ           8%         N/A       19%         1
 Hailstorm                Conj/Ice       14%        3d5       36%         4
 Metabolic Englaciation   Hex/Ice        5%         N/A       88%         5


Dungeon Overview and Level Annotations

Branches:
Dungeon (4/15)             Temple (1/1) D:4

Altars:
Ashenzari
Cheibriados
Elyvilon
Gozag
Hepliaklqana
Kikubaaqudgha
Nemelex Xobeh
Qazlal
Ru
Sif Muna
Trog
Uskayaw
Vehumet
Wu Jian
Yredelemnul
Zin

Annotations:
D:4 Grinder


Innate Abilities, Weirdness & Mutations

Your plain brown scales are hard. (AC +5)
You cannot fit into any form of body armour.
You are cold-blooded and may be slowed by cold attacks.


Message History

Okay, then.
Casting: Ozocubu's Armour (dangerous; 7% risk of failure)
Confirm with . or Enter, or press ? or * to list all spells.
Casting: Frozen Ramparts (dangerous; 7% risk of failure)
Press: ? - help, Dir - look around, f - activate The walls around you are covered in ice.
Grinder completely resists.
The wall freezes Grinder but does no damage.
Grinder gestures at you.
You barely resist. You closely miss Grinder.
Grinder completely resists.
The wall freezes Grinder but does no damage.
Grinder closely misses you.
Grinder completely resists.
The wall freezes Grinder but does no damage.
Grinder hits you.
You writhe in agony.
You barely miss Grinder.
Grinder completely resists.
The wall freezes Grinder but does no damage.
Grinder hits you.
* * * LOW HITPOINT WARNING * * *
You writhe in agony.
* * * LOW HITPOINT WARNING * * *
Your icy armour and frozen ramparts will break if you move.
Continue?
Uppercase [Y]es or [N]o only, please.
Your icy armour and frozen ramparts will break if you move.
Continue?
Okay, then.
Grinder is nearby!
Your icy armour and frozen ramparts will break if you move.
Continue?
Your icy armour cracks and falls away as you move.
The frozen ramparts melt away as you move.
Grinder gestures at you.
You barely resist. Grinder gestures at you.
You suddenly lose the ability to move!
Grinder gestures at you.
You shrug off the repeated paralysis!
Grinder blinks!
You can move again.
Grinder gestures at you. Pain shoots through your body!
You die...

..≈≈##..##.......#...............
...≈≈##.##............##.........
....≈##.##.......................
....≈#.....................#..###
.....†..#..##.##5#..#.#..........
.....'..#..##.##.#............##.
....≈##.#..##.##.#...............
..[.≈#................#.####.....
...≈≈####..##.##@#............##.
..≈≈##.....##.##.#.##.#.####..##.
.≈≈##.###5###.##.#.##.# #..##.
≈≈##..................# #####..
≈##..............#.##.#####..§###
#.........5.....#........#._§.§§
#####.#.#.###.#..#.##.##..#..§###
........#.###.#..#.##.....######.
#####.#.#.##..#..................


You could see Grinder.

Vanquished Creatures
  A bullfrog (D:4)
  A howler monkey (D:4)
  A hound (D:4)
  A bullfrog skeleton (D:4)
  A gnoll (D:1)
  2 adders
  An orc (D:4)
  4 ball pythons
  9 endoplasms
  5 giant cockroaches
  4 hobgoblins
  2 jackals (D:1)
  2 kobolds
  2 quokkas
  5 bats
  A frilled lizard (D:1)
  8 goblins
  4 rats
54 creatures vanquished.

Vanquished Creatures (others)
  A demonic plant (D:2)
  2 fungi (D:2)
  3 plants (D:2)
6 creatures vanquished.

Grand Total: 60 creatures vanquished

Notes
Turn   | Place    | Note
-------+----------+-------------------------------------------
     0 | D:1      | EiAlmux the Draconian Ice Elementalist began the quest for
                  | the Orb.
     0 | D:1      | Reached XP level 1. HP: 14/14 MP: 3/3
   267 | D:1      | Reached XP level 2. HP: 18/20 MP: 5/5
   472 | D:1      | Reached skill level 1 in Conjurations
   616 | D:1      | Reached XP level 3. HP: 26/26 MP: 6/6
   620 | D:1      | Learned a level 3 spell: Frozen Ramparts
  1018 | D:2      | Found a faded altar of an unknown god.
  1299 | D:2      | Found a sacrificial altar of Ru.
  1808 | D:3      | Noticed an ogre
  1810 | D:3      | Reached XP level 4. HP: 33/33 MP: 8/8
  2099 | D:4      | Learned a level 3 spell: Ozocubu's Armour
  2132 | D:4      | Noticed Grinder
  2153 | D:4      | Found a staircase to the Ecumenical Temple.
  2158 | Temple   | Entered the Ecumenical Temple
  2200 | Temple   | Became a worshipper of Vehumet
  2414 | D:4      | Noticed a bullfrog
  2419 | D:4      | Noticed a black bear
  2445 | D:4      | Killed a bullfrog
  2563 | D:4      | Reached XP level 5. HP: 37/38 MP: 9/9
  2904 | D:4      | Found a hazy altar of Hepliaklqana.
  3242 | D:4      | Found an ancient bone altar of Kikubaaqudgha.
  3243 | D:4      | Found a sacrificial altar of Ru.
  3247 | D:4      | Found an ornate altar of the Wu Jian Council.
  3405 | D:4      | Paralysed by Grinder for 5 turns
  3420 | D:4      | Paralysed by Grinder for 3 turns
  3436 | D:4      | Killed from afar by Grinder

Illustrated notes

Levels and vault maps discovered:
D:1:      dpeg_arrival_tiny_h, layout_rooms, nrook_mini_vaults,
          chequers_serial_rivers_micro_c
D:2:      layout_basic, basic_altar, shapermc_ecumenical_altar_gd
D:3:      layout_basic, demons_altar, st_stairs_12
D:4:      layout_basic, nzn_hepliaklqana_mist_gate,
          chequers_temple_overflow_statue_of_worship, temple_doors_e,
          kennysheep_big_empty_room, uniq_grinder
Temple:   minmay_temple_bridge_abc

Skill      XL: |  1  2  3  4  5 |
---------------+----------------+-----
Stealth        | 2 3 |  3.3
Conjurations   | 1 2 |  2.6
Spellcasting   | 3 |  3.3
Dodging        | |  1.7
Ice Magic      | |  4.9

Action                   |  1- 3 |  4- 6 || total
-------------------------+-------+-------++-------
Melee: Spear             |    78 |    44 ||   122
       Tailslap          |     1 |     2 ||     3
 Cast: Freeze            |    35 |     8 ||    43
       Frozen Ramparts   |       |     5 ||     5
       Ozocubu's Armour  |       |     4 ||     4
  Use: Scroll            |     3 |       ||     3
 Stab: Sleeping          |     9 |     2 ||    11
       Distracted        |     1 |       ||     1
Armor: Skin              |    20 |    22 ||    42
Dodge: Dodged            |    55 |    30 ||    85

Table legend: (Time is in decaauts)
 A = Elapsed time spent in this place.
 B = Non-inter-level travel time spent in this place.
 C = Inter-level travel time spent in this place.
 D = Time resting spent in this place.
 E = Time spent auto-exploring this place.
 F = Levels seen in this place.
 G = Mean time per level.
                   A        B        C        D        E       F      G
               +--------+--------+--------+--------+--------+-----+--------+
         Total |   3449 |   3265 |    184 |    210 |   2422 |   5 |  689.8 |
       Dungeon |   3221 |   3074 |    147 |    210 |   2247 |   4 |  805.2 |
        Temple |    227 |    190 |     37 |      0 |    175 |   1 |  227.0 |
               +--------+--------+--------+--------+--------+-----+--------+

Top non-repeatable levels by time:
     D:4: 1371 daAuts
     D:1: 992 daAuts
     D:2: 629 daAuts
     D:3: 229 daAuts
  Temple: 227 daAuts
